 Dungeon Crawl Stone Soup version 0.32-a0-12-g7fc57aa741 (webtiles) character file.

Game seed: 14969668657824290676

80 bmb222 the Ruffian (level 4, -6/29 HPs)
             Began as an Octopode Shapeshifter on Jan 14, 2024.
             Mangled by an orc priest
             ... wielding a +0 trident
              (8 damage)
             ... on level 2 of the Dungeon.
             The game lasted 00:01:17 (1218 turns).

bmb222 the Ruffian (Octopode Shapeshifter)          Turns: 1218, Time: 00:01:17

Health: -6/29      AC:  1    Str: 15    XL:     4   Next: 39%
Magic:  4/4        EV: 13    Int: 12    God:
Gold:   108        SH:  0    Dex: 11    Spells: 3/3 levels left

rFire   . .          .
                       - Unarmed
rCold   . . .        (no shield)
rNeg    . . .        (helmet currently unavailable)
rPois   .            (no amulet)
rElec   .            (no ring)
rCorr   .            (no ring)
SInv    .            (no ring)
Will    .....        (no ring)
Stlth   +++          (no ring)
HPRegen 0.24/turn    (no ring)
MPRegen 0.09/turn    (no ring)
                     (no ring)

%: no passive effects
@: beast-form
A: beast (slay +1), almost no armour, amphibious, 8 rings, camouflage 1,
gelatinous body 1, (nimble swimmer 1), tentacles
a: Begin Untransformation


You were on level 2 of the Dungeon.
You were a hulking beast.
You visited 1 branch of the dungeon, and saw 2 of its levels.

You collected 108 gold pieces.

Inventory:

Jewellery
 d - an amulet of magic regeneration
Talismans
 b - a beast talisman
 c - a flux talisman
Scrolls
 e - a scroll of immolation {unknown}
 h - a scroll of fog {unknown}
Potions
 a - 2 potions of lignification
 f - a potion of attraction {unknown}
 g - a potion of degeneration {unknown}


   Skills:
 + Level 1.9 Fighting
 + Level 2.6 Dodging
 + Level 2.1 Stealth
 + Level 3.5 Unarmed Combat
 + Level 3.4 Shapeshifting


You had 3 spell levels left.
You didn't know any spells.
Your spell library was empty.

Dungeon Overview and Level Annotations

Branches:
Dungeon (2/15)

Altars:

Shops:
D:1 *


Innate Abilities, Weirdness & Mutations

You are a hulking beast.
Your limbs bulge with bestial killing power. (Slay +1)
You cannot wear most types of armour.
You are amphibious.
You can wear up to eight rings at the same time.
Your skin changes colour to match your surroundings (Stealth+).
Your rubbery body absorbs attacks. (AC +1, EV +1)
((You are camouflaged when in or above water. (Stealth+)))
You have tentacles for arms and can constrict up to eight enemies at once.


Message History

You climb downwards.
There is a stone staircase leading up here.
An orc is nearby!
An orc is nearby!
The orc misses you.
You tentacle-slap the orc. You grab the orc. You squeeze the orc.
You kill the orc!
An orc comes into view. It is wielding a +0 short sword.
Things that are here:
a +0 trident; a +0 leather armour The orc priest hits you with a +0 trident!
The orc shouts!
You tentacle-slap the orc priest. You grab the orc priest.
The orc priest is lightly wounded.
You constrict the orc priest, but do no damage.
The orc priest hits you with a +0 trident!
You tentacle-slap the orc priest.
You tentacle-slap the orc priest, but do no damage.
You squeeze the orc priest.
The orc priest is moderately wounded.
You constrict the orc priest, but do no damage.
You tentacle-slap the orc priest but do no damage.
The orc priest is moderately wounded.
You constrict the orc priest, but do no damage.
The orc priest misses you.
You tentacle-slap the orc priest but do no damage.
The orc priest is moderately wounded.
You constrict the orc priest, but do no damage.
The orc priest hits you with a +0 trident.
You tentacle-slap the orc priest.
The orc priest is heavily wounded.
You constrict the orc priest.
The orc priest hits you with a +0 trident!
* * * LOW HITPOINT WARNING * * *
Unknown command.
You tentacle-slap the orc priest but do no damage.
The orc priest is severely wounded.
You constrict the orc priest, but do no damage.
The orc priest hits you with a +0 trident!
You die... #..# ##o# #..### #..# #....# .. #.. #..#.# . bo.

+..#.# ##. #o# +..#.# #..
#.# #..#.######.#
#<######.
#..#..†..##.######†.......
#..#####.##....)hoo#####..
#..#####.##..#####.#
............## #...# .
...###.#.##.## #.### ##.
...# #.......###.# #..
...# ####.#..#...#### #.#
...## #.#...>.....###.#
....# #.#..<.......##.#
###.# #.............#.#


You could see an orc priest and an orc.

Vanquished Creatures
  A gnoll (D:1)
  An adder (D:2)
  2 ribbon worms (D:2)
  3 dart slugs (D:1)
  2 orcs
  4 endoplasms
  3 giant cockroaches (D:1)
  2 goblins
  5 hobgoblins (D:1)
  6 jackals
  3 kobolds (D:1)
  A quokka (D:1)
  2 ball pythons (D:1)
  2 bats (D:1)
  5 frilled lizards
  4 rats
46 creatures vanquished.

Notes
Turn   | Place    | Note
-------+----------+-------------------------------------------
     0 | D:1      | bmb222 the Octopode Shapeshifter began the quest for the
                  | Orb.
     0 | D:1      | Reached XP level 1. HP: 13/13 MP: 1/1
   133 | D:1      | Reached XP level 2. HP: 16/18 MP: 2/2
   342 | D:1      | Reached skill level 1 in Stealth
   368 | D:1      | Reached XP level 3. HP: 18/23 MP: 3/3
   785 | D:1      | Found Dogopucs's Assorted Antiques.
   926 | D:2      | Reached XP level 4. HP: 29/29 MP: 4/4
  1218 | D:2      | Mangled by an orc priest

Illustrated notes

Levels and vault maps discovered:
D:1:      saegor_arrival_fortress, layout_basic, serial_shops, shop,
          minmay_distorted
D:2:      layout_rooms, kennysheep_generic_room_4

Skill      XL: |  1  2  3  4 |
---------------+-------------+-----
Stealth        | 1 2 |  2.1
Fighting       | |  1.9
Dodging        | |  2.6
Unarmed Combat | |  3.5
Shapeshifting  | |  3.4

Action                     |  1- 3 |  4- 6 || total
---------------------------+-------+-------++-------
  Melee: Unarmed           |    67 |    23 ||    90
         Constrict         |    20 |     6 ||    26
         Tentacles         |    10 |     6 ||    16
         Punch             |     1 |     2 ||     3
   Stab: Sleeping          |     7 |     3 ||    10
 Armour: Skin              |    29 |    11 ||    40
  Dodge: Dodged            |    42 |     9 ||    51

Table legend: (Time is in decaauts)
 A = Elapsed time spent in this place.
 B = Non-inter-level travel time spent in this place.
 C = Inter-level travel time spent in this place.
 D = Time resting spent in this place.
 E = Time spent auto-exploring this place.
 F = Levels seen in this place.
 G = Mean time per level.
                   A        B        C        D        E       F      G
               +--------+--------+--------+--------+--------+-----+--------+
         Total |   1212 |   1118 |     94 |    117 |    744 |   2 |  606.0 |
       Dungeon |   1212 |   1118 |     94 |    117 |    744 |   2 |  606.0 |
               +--------+--------+--------+--------+--------+-----+--------+

Top non-repeatable levels by time:
     D:1: 973 daAuts
     D:2: 238 daAuts
